 Dungeon Crawl Stone Soup version 0.27-a0-1416-g941b2bd30b (webtiles) character file.

Game seed: 15046447557907176189

144 shakesphere1979 the Chucker (level 5, 0/49 HPs)
             Began as a Troll Arcane Marksman on July 1, 2021.
             Splashed by a jelly's acid (5 damage)
             ... on level 3 of the Dungeon.
             The game lasted 00:05:56 (1283 turns).

shakesphere1979 the Chucker (Troll Arcane Marksman) Turns: 1283, Time: 00:05:56

Health: 0/49       AC:  0    Str: 18    XL:     5   Next: 5%
Magic:  5/5        EV: 10    Int:  9    God:
Gold:   46         SH:  0    Dex: 11    Spells: 5/6 levels left

rFire    . . .     SeeInvis .     - Unarmed
rCold    . . .     Faith    .   (no shield)
rNeg     . . .     Spirit   .   a - +0 robe
rPois    .         Reflect  .   (helmet restricted)
rElec    .         Harm     .   (no cloak)
rCorr    .         Rampage  .   (gloves unavailable)
Will     .....                  (boots unavailable)
Stlth    +.........             (no amulet)
HPRegen  1.16/turn              (no ring)
MPRegen  0.09/turn              (no ring)

@: corroded
A: large, unfitting armour, claws 3, regeneration 1, shaggy fur 1, tough skin 1
a: no special abilities


You were on level 3 of the Dungeon.
You visited 1 branch of the dungeon, and saw 3 of its levels.

You collected 46 gold pieces.

Inventory:

Missiles
 b - 4 large rocks (quivered)
 c - 2 throwing nets
 k - 9 stones
Armour
 a - a +0 robe (worn)
Scrolls
 d - 3 scrolls of identify {unknown}
 e - a scroll of noise {unknown}
 f - a scroll of torment {unknown}
 g - a scroll of brand weapon {unknown}
 h - a scroll of teleportation {unknown}
 i - a scroll of blinking {unknown}
 l - a scroll of summoning {unknown}
Potions
 j - a potion of curing {unknown}
 m - a potion of lignification {unknown}


   Skills:
 + Level 2.1 Fighting
 + Level 2.7 Throwing
 + Level 2.4 Dodging
 + Level 2.2 Unarmed Combat
 - Level 1.0 Spellcasting
 - Level 2.0 Hexes


You had 5 spell levels left.
You knew the following spells:

 Your Spells              Type           Power      Damage    Failure   Level
a - Corona                Hex            4%         N/A       16%         1

Your spell library contained the following spells:

 Spells                   Type           Power      Damage    Failure   Level
 Slow                     Hex            4%         N/A       24%         2
 Ensorcelled Hibernation  Hex/Ice        4%         N/A       36%         2
 Tukima's Dance           Hex            4%         N/A       43%         3
 Inner Flame              Hex/Fire       2%         N/A       58%         3
 Portal Projectile        Hex/Tloc       4%         N/A       58%         3
 Cause Fear               Hex            2%         N/A       85%         4
 Leda's Liquefaction      Hex/Erth       1%         N/A       94%         4


Dungeon Overview and Level Annotations

Branches:
Dungeon (3/15)

Altars:


Innate Abilities, Weirdness & Mutations

You are too large for most types of armour.
You have claws for hands.
Your natural rate of healing is unusually fast.
You are covered in fur. (AC +1)
You have tough skin. (AC +1)


Message History

You have reached level 5!
You start resting.
You feel very sick.
You feel sick. x7
You are no longer poisoned.
You start resting.
A goblin comes into view. It is wielding a +0 club.
A goblin is nearby!
A goblin is nearby!
A goblin is nearby!
A goblin is nearby!
The goblin shouts!
You see here a water moccasin corpse.
You are too injured to fight recklessly!
You are too injured to fight recklessly!
You are too injured to fight recklessly!
You are too injured to fight recklessly!
You are too injured to fight recklessly!
You claw the goblin!
You kill the goblin!
A jelly comes into view.
The jelly quivers.
Things that are here:
a +0 club; 2 fizzy green potions You scratch the jelly.
The acid corrodes you!
Your claws burn!
The jelly is moderately wounded.
The jelly hits you.
You are splashed with acid.
You barely miss the jelly.
The jelly is moderately wounded.
The jelly hits you.
You are splashed with acid!
* * * LOW HITPOINT WARNING * * *
You completely miss the jelly.
The jelly is moderately wounded.
The jelly closely misses you.
You scratch the jelly.
Your claws burn!
* * * LOW HITPOINT WARNING * * *
The jelly is heavily wounded.
The jelly closely misses you.
You scratch the jelly.
Your claws burn!
You die...

##########
.........#
.......).#
......J@.#
.........#
........†#
.........#
.........+
.........#
###....#<#
#....#.....#
####....####


You could see a jelly.

Vanquished Creatures
  A water moccasin (D:3)
  3 endoplasms
  A giant cockroach (D:2)
  7 goblins
  3 hobgoblins
  6 jackals (D:1)
  3 kobolds
  A quokka (D:2)
  4 ball pythons
  3 bats
  A frilled lizard (D:1)
  3 rats (D:2)
36 creatures vanquished.

Notes
Turn   | Place    | Note
-------+----------+-------------------------------------------
     0 | D:1      | shakesphere1979 the Troll Arcane Marksman began the quest
                  | for the Orb.
     0 | D:1      | Reached XP level 1. HP: 18/18 MP: 1/1
    64 | D:1      | Reached skill level 1 in Fighting
    78 | D:1      | Reached XP level 2. HP: 27/27 MP: 2/2
   310 | D:1      | Reached skill level 1 in Unarmed Combat
   459 | D:1      | Found a faded altar of an unknown god.
   830 | D:2      | Reached XP level 3. HP: 25/33 MP: 3/3
  1240 | D:3      | Noticed a water moccasin
  1251 | D:3      | Killed a water moccasin
  1252 | D:3      | Reached XP level 4. HP: 8/42 MP: 4/4
  1252 | D:3      | Reached XP level 5. HP: 9/49 MP: 5/5
  1283 | D:3      | Splashed by a jelly's acid

Illustrated notes

Levels and vault maps discovered:
D:1:      tarquinn_simple_flora_water_f, layout_basic,
          chequers_ecumenical_altar_lobes, moated_statue
D:2:      layout_loops_ring, kennysheep_generic_room_2
D:3:      layout_basic

Skill      XL: |  1  2  3 |
---------------+----------+-----
Fighting       | 1 2 |  2.1
Throwing       | 2 |  2.7
Unarmed Combat | 1 2 |  2.2
Dodging        | 2 |  2.4
Spellcasting   | |  1.0
Hexes          | |  2.0

Action                   |  1- 3 |  4- 6 || total
-------------------------+-------+-------++-------
Melee: Unarmed           |    95 |     6 ||   101
Armor: Robe              |    34 |       ||    34
Dodge: Dodged            |    45 |     2 ||    47

Table legend: (Time is in decaauts)
 A = Elapsed time spent in this place.
 B = Non-inter-level travel time spent in this place.
 C = Inter-level travel time spent in this place.
 D = Time resting spent in this place.
 E = Time spent auto-exploring this place.
 F = Levels seen in this place.
 G = Mean time per level.
                   A        B        C        D        E       F      G
               +--------+--------+--------+--------+--------+-----+--------+
         Total |   1281 |   1235 |     46 |     14 |    988 |   3 |  427.0 |
       Dungeon |   1281 |   1235 |     46 |     14 |    988 |   3 |  427.0 |
               +--------+--------+--------+--------+--------+-----+--------+

Top non-repeatable levels by time:
     D:1: 711 daAuts
     D:2: 527 daAuts
     D:3: 42 daAuts
